[Event "1000GM Spring GM-B 2024"]
[Site "New York"]
[Date "2024.03.29"]
[Round "4.2"]
[White "Sinha, Sahil"]
[Black "Paragua, Mark"]
[Result "1/2-1/2"]
[ECO "D45"]
[WhiteElo "2299"]
[BlackElo "2451"]
[Annotator "TA"]
[PlyCount "54"]
[EventDate "2024.03.26"]
[EventType "tourn"]
[EventCountry "USA"]
[SourceTitle "playchess.com"]
[Source "ChessBase"]
[SourceQuality "1"]
[TimeControl "5400+30"]

1. d4 d5 2. c4 e6 3. Nc3 Nf6 4. Nf3 c6 5. e3 Nbd7 6. Qc2 Bd6 7. b3 O-O 8. Be2 b6 9. O-O Bb7 10. Bb2 Qe7 11. Rad1 Rad8 12. Rfe1 Rfe8 {[%emt 0:00:18] The position is equal.} 13. Bf1 c5 14. cxd5 exd5 15. g3 Rc8 16. Bg2 cxd4 17. Nxd4 Bb4 18. Qd2 Qc5 ({Much worse is} 18... Ne4 $6 19. Bxe4 Bxc3 (19... dxe4 $2 20. Nf5 $18) 20. Bxh7+ Kxh7 21. Bxc3 $16) 19. Ndb5 a6 (19... Ba6 $5 20. a3 $8 (20. Nxa7 $2 {perishes.} Rc7 $19) 20... Bxb5 21. axb4 Qxb4 $11) 20. a3 $1 (20. Bxd5 $2 {is the wrong capture.} Nxd5 $19 (20... axb5 $2 21. Bxb7 Rc7 22. Ba6 $19) (20... axb5 21. Bxb7 Rc7 22. Ba6 $19)) 20... Qxb5 21. axb4 Qxb4 22. Nxd5 Qxd2 23. Rxd2 {[%emt 0:03:09] [#] Black must now prevent Nxf6+.} Nxd5 24. Bxd5 Bxd5 25. Rxd5 Nc5 26. Bd4 Nxb3 27. Bxb6 Rb8 {[%emt 0:06:11] A rather calm draw.   Weighted Error Value: White=0.01 (flawless) /Black=0.01 (flawless) .  OK:         	White=7     	Black=10     Best:        	White=1     	---        Strong:       	White=1     	---} 1/2-1/2

[Event "1000GM Spring GM-B 2024"]
[Site "New York"]
[Date "2024.03.29"]
[Round "4.3"]
[White "Kaliksteyn, Alexander"]
[Black "Furfine, Jacob"]
[Result "0-1"]
[ECO "A13"]
[WhiteElo "2356"]
[BlackElo "2343"]
[Annotator "RC"]
[PlyCount "86"]
[EventDate "2024.03.26"]
[EventType "tourn"]
[EventCountry "USA"]
[SourceTitle "playchess.com"]
[Source "ChessBase"]
[SourceQuality "1"]
[TimeControl "5400+30"]

1. c4 e6 2. Nf3 d5 3. e3 Nf6 4. Nc3 a6 5. b3 c5 6. Bb2 Nc6 7. d4 dxc4 8. bxc4 cxd4 9. exd4 Bb4 10. Be2 Ne4 11. Rc1 Qa5 12. Qb3 e5 13. dxe5 Nc5 14. Qc2 Qxa2 15. O-O Bxc3 16. Bxc3 Qxc2 17. Rxc2 Bf5 18. Rd2 Ne4 19. Rd3 Nxc3 20. Rxc3 O-O-O 21. Nh4 Nd4 22. Bd1 Be6 23. f4 h6 24. Nf3 Kc7 25. Kf2 Kc6 26. Ba4+ Kc5 27. Rb1 Nxf3 28. Kxf3 b6 29. Bd1 Rd4 30. Be2 g5 31. g3 gxf4 32. gxf4 Rg8 33. Ke3 Rgd8 34. Ra1 Bf5 35. Rxa6 Re4+ 36. Kf3 Rd2 37. Bd3 Kd4 38. Bxe4 Bxe4+ 39. Kg3 Rg2+ 40. Kh3 Kxc3 41. Rxb6 Rg6 42. c5 Kd4 43. c6 Rxc6 0-1

[Event "1000GM Spring GM-B 2024"]
[Site "New York"]
[Date "2024.03.29"]
[Round "4.4"]
[White "Griffith, Kyron"]
[Black "Mandizha, Farai"]
[Result "1-0"]
[ECO "B76"]
[WhiteElo "2352"]
[BlackElo "2380"]
[Annotator "RC"]
[PlyCount "61"]
[EventDate "2024.03.26"]
[EventType "tourn"]
[EventCountry "USA"]
[SourceTitle "playchess.com"]
[Source "ChessBase"]
[SourceQuality "1"]
[TimeControl "5400+30"]

1. e4 c5 2. Nc3 Nc6 3. Nf3 g6 4. d4 cxd4 5. Nxd4 Bg7 6. Be3 d6 7. Qd2 Nf6 8. f3 O-O 9. O-O-O d5 10. Nxc6 bxc6 11. Bh6 Bxh6 12. Qxh6 Qb6 13. e5 Nd7 14. h4 Re8 15. e6 Nf8 16. exf7+ Kxf7 17. h5 e5 18. hxg6+ hxg6 19. Bd3 Rb8 20. b3 Qa5 21. Kb2 Ba6 22. Bxg6+ Nxg6 23. Qh7+ Kf6 24. Ne4+ dxe4 25. Rd6+ Re6 26. Rxe6+ Kxe6 27. Qxg6+ Kd5 28. Qxe4+ Kd6 29. Rh6+ Ke7 30. Qh7+ Kd8 31. Rd6+ 1-0

[Event "1000GM Spring GM-B 2024"]
[Site "New York"]
[Date "2024.03.29"]
[Round "4.5"]
[White "Nagy, Gabor"]
[Black "Girish, A. Koushik"]
[Result "1/2-1/2"]
[ECO "D13"]
[WhiteElo "2436"]
[BlackElo "2499"]
[Annotator "TA"]
[PlyCount "31"]
[EventDate "2024.03.26"]
[EventType "tourn"]
[EventCountry "USA"]
[SourceTitle "playchess.com"]
[Source "ChessBase"]
[SourceQuality "1"]
[TimeControl "5400+30"]

1. d4 d5 2. c4 c6 3. cxd5 cxd5 4. Nf3 Nc6 5. Nc3 Nf6 6. Bf4 a6 7. e3 Bf5 8. Bd3 Bxd3 9. Qxd3 e6 10. O-O Bd6 11. Bxd6 Qxd6 {[%emt 0:00:08] The position is equal.} 12. Rfc1 O-O 13. h3 Rac8 14. a3 h6 15. Rc2 Rc7 16. Rac1 {[%emt 0:00:04] Not much happened in this game.   Weighted Error Value: White=0.03 (flawless) /Black=0.02 (flawless) .  OK:         	White=1     	---} 1/2-1/2

[Event "1000GM Spring GM-B 2024"]
[Site "New York"]
[Date "2024.03.30"]
[Round "5.1"]
[White "Girish, A. Koushik"]
[Black "Eidelman, Gabriel"]
[Result "1/2-1/2"]
[ECO "D37"]
[WhiteElo "2499"]
[BlackElo "2374"]
[Annotator "TA"]
[PlyCount "182"]
[EventDate "2024.03.26"]
[EventType "tourn"]
[EventCountry "USA"]
[SourceTitle "playchess.com"]
[Source "ChessBase"]
[SourceQuality "1"]
[TimeControl "5400+30"]

1. d4 d5 2. Nf3 e6 3. c4 a6 4. cxd5 exd5 5. Nc3 Nf6 6. Bg5 {[%emt 0:05:35] D37: Damengambit (5.Lf4).} Be6 7. e3 Nbd7 8. Bd3 c6 9. h3 Bd6 10. Bf4 Qc7 11. Bxd6 Qxd6 12. O-O O-O 13. Rb1 Qe7 14. Qc2 g6 15. b4 Rfc8 $146 ({Predecessor:} 15... Ne8 16. Na4 Nd6 17. Ne5 Nxe5 18. dxe5 Nc4 19. Qc3 b5 20. Nc5 a5 21. a3 Rfd8 {½-½ Niemann,H (2660)-Pichot,A (2642) Arad op 16th 2023 (8)}) 16. Na4 Ne8 17. Nc5 Nd6 18. a4 Nb6 19. Nd2 Rc7 20. Nxe6 Qxe6 21. b5 axb5 22. axb5 Rcc8 23. bxc6 Rxc6 24. Qd1 Nd7 25. Nf3 Ra3 26. Rb3 Rc3 27. Rxc3 Rxc3 28. Qd2 Rc6 29. Qa2 Nf6 30. Rb1 Qc8 31. Qa5 Rc1+ 32. Rxc1 Qxc1+ 33. Kh2 Nde8 34. Ne5 Qc7 35. Qa3 Kg7 36. g3 Nd6 37. Kg2 Nd7 38. Nxd7 Qxd7 39. Qc5 Qc6 40. Kf3 Kf6 41. h4 Qxc5 42. dxc5 Ne8 43. e4 Ke6 44. Ke3 Nf6 45. Kd4 Nxe4 46. Bxe4 dxe4 47. Kxe4 h5 48. f3 Kd7 49. Kd5 Ke7 50. Ke5 f6+ 51. Kd5 g5 52. f4 gxf4 53. gxf4 Kd7 54. f5 Ke7 55. Kc4 Kd7 56. Kd5 Ke7 57. c6 b6 ({Schlechter ist} 57... bxc6+ 58. Kxc6 Kf8 59. Kd7 Kf7 60. Kd6) 58. c7 $1 Kd7 59. c8=Q+ Kxc8 60. Ke6 b5 61. Kxf6 b4 62. Kg7 b3 63. f6 b2 64. f7 b1=Q 65. f8=Q+ (65. f8=B {führt zum Matt.} Qf5 66. Be7 Kd7 67. Bg5 Ke6) 65... Kd7 66. Qf7+ Kd6 67. Qxh5 Qb2+ 68. Kh7 Qf6 69. Qg6 Ke7 70. h5 Qf7+ 71. Qg7 Ke8 72. h6 Ke7 73. Kh8 Ke8 74. Qe5+ Kd7 75. Qb5+ Ke6 76. Qc6+ Kf5 77. Qc5+ Ke6 78. Qc8+ Ke7 79. Qc7+ Ke6 80. Qd8 Kf5 81. Qg8 Kf6 82. Qd8+ Ke6 83. h7 Kf5 84. Qd6 Kg5 85. Qd8+ Kg6 86. Qd6+ Kg5 87. Qg3+ Kf6 88. Qh4+ Kg6 89. Qg4+ Kf6 90. Qf4+ Kg6 91. Qxf7+ Kxf7 1/2-1/2

[Event "1000GM Spring GM-B 2024"]
[Site "New York"]
[Date "2024.03.30"]
[Round "5.3"]
[White "Furfine, Jacob"]
[Black "Griffith, Kyron"]
[Result "1/2-1/2"]
[ECO "D24"]
[WhiteElo "2343"]
[BlackElo "2352"]
[Annotator "RC"]
[PlyCount "77"]
[EventDate "2024.03.26"]
[EventType "tourn"]
[EventCountry "USA"]
[SourceTitle "playchess.com"]
[Source "ChessBase"]
[SourceQuality "1"]
[TimeControl "5400+30"]

1. d4 Nf6 2. c4 e6 3. Nf3 d5 4. Nc3 dxc4 5. e4 b5 6. e5 Nd5 7. Nxb5 Nb6 8. Be2 Be7 9. Be3 Bb7 10. a3 a6 11. Nc3 N8d7 12. Qc2 c5 13. Ne4 cxd4 14. Bxd4 Rc8 15. O-O O-O 16. Rfd1 Qc7 17. Neg5 g6 18. h4 Qc6 19. Bxb6 Nxb6 20. Rd4 Rfd8 21. Rad1 Rxd4 22. Rxd4 Bxg5 23. hxg5 Qc5 24. Rd6 Nd5 25. Qe4 c3 26. bxc3 Nxc3 27. Qxb7 Nxe2+ 28. Kh2 Rf8 29. Qb6 Qxa3 30. Qxa6 Qxa6 31. Rxa6 Nf4 32. g3 Nd5 33. Kg2 h6 34. Ra7 hxg5 35. Nxg5 f6 36. Nxe6 Re8 37. Nf4 Nxf4+ 38. gxf4 fxe5 39. fxe5 1/2-1/2

[Event "1000GM Spring GM-B 2024"]
[Site "New York"]
[Date "2024.03.30"]
[Round "5.4"]
[White "Paragua, Mark"]
[Black "Kaliksteyn, Alexander"]
[Result "1/2-1/2"]
[ECO "E04"]
[WhiteElo "2451"]
[BlackElo "2356"]
[Annotator "TA"]
[PlyCount "30"]
[EventDate "2024.03.26"]
[EventType "tourn"]
[EventCountry "USA"]
[SourceTitle "playchess.com"]
[Source "ChessBase"]
[SourceQuality "1"]
[TimeControl "5400+30"]

1. Nf3 d5 2. g3 c5 3. Bg2 Nc6 4. d4 e6 5. O-O Nf6 6. c4 dxc4 7. Ne5 Bd7 8. Na3 cxd4 9. Naxc4 Be7 10. Qb3 Qc7 11. Bf4 Nh5 12. Rac1 Nxf4 13. gxf4 O-O 14. Nxc6 Bxc6 15. Ne5 Rab8 {[%emt 0:02:44] Weighted Error Value: White=0.16 (very precise) /Black=0.09 (flawless) .  Inaccurate:     	White=1     	Black=1      OK:         	White=1     	Black=3      Best:        	White=1     	---} 1/2-1/2

[Event "1000GM Spring GM-B 2024"]
[Site "New York"]
[Date "2024.03.30"]
[Round "5.5"]
[White "Luo, Terry"]
[Black "Sinha, Sahil"]
[Result "1/2-1/2"]
[ECO "E08"]
[WhiteElo "2333"]
[BlackElo "2299"]
[Annotator "RC"]
[PlyCount "46"]
[EventDate "2024.03.26"]
[EventType "tourn"]
[EventCountry "USA"]
[SourceTitle "playchess.com"]
[Source "ChessBase"]
[SourceQuality "1"]
[TimeControl "5400+30"]

1. d4 Nf6 2. c4 e6 3. Nf3 d5 4. g3 Bb4+ 5. Bd2 Be7 6. Bg2 O-O 7. O-O Nbd7 8. Qc2 Ne4 9. Bf4 c6 10. Nc3 f5 11. Rad1 g5 12. Bc1 Bf6 13. e3 Qe7 14. b3 b6 15. Bb2 Bb7 16. Ne2 Bg7 17. Nc1 Rac8 18. Nd3 c5 19. dxc5 dxc4 20. Bxg7 Qxg7 21. Qxc4 Ndxc5 22. Nxc5 Nxc5 23. b4 Ba6 1/2-1/2

[Event "1000GM Spring GM-B 2024"]
[Site "New York"]
[Date "2024.03.30"]
[Round "6.1"]
[White "Eidelman, Gabriel"]
[Black "Sinha, Sahil"]
[Result "1-0"]
[ECO "B69"]
[WhiteElo "2374"]
[BlackElo "2299"]
[Annotator "RC"]
[PlyCount "161"]
[EventDate "2024.03.26"]
[EventType "tourn"]
[EventCountry "USA"]
[SourceTitle "playchess.com"]
[Source "ChessBase"]
[SourceQuality "1"]
[TimeControl "5400+30"]

1. e4 c5 2. Nf3 d6 3. d4 cxd4 4. Nxd4 Nf6 5. Nc3 Nc6 6. Bg5 e6 7. Qd2 a6 8. O-O-O Bd7 9. f4 Be7 10. Nf3 b5 11. Bxf6 gxf6 12. f5 Qb6 13. Kb1 O-O-O 14. Qh6 Kb8 15. Qh5 Rhf8 16. Bd3 Qc5 17. Ne2 Rc8 18. Nf4 Ne5 19. fxe6 Bxe6 20. Nxe6 fxe6 21. Qxh7 Rc7 22. Nxe5 Qxe5 23. Qg7 a5 24. Qg3 Qxg3 25. hxg3 Rc5 26. Rh7 Bd8 27. Rd7 Bc7 28. Re7 b4 29. Rxe6 Rg5 30. Be2 Rxg3 31. Bf3 Rg5 32. Re7 Re5 33. Rg7 Rg5 34. Re7 Re5 35. Rg7 Rg5 36. Rh7 Rc5 37. Rd3 Re5 38. a3 f5 39. exf5 Rfxf5 40. axb4 axb4 41. Ka2 Rf4 42. Kb3 Rc5 43. Rd1 Re5 44. Ra1 d5 45. Ra4 Re3+ 46. Ka2 Re5 47. c3 Bd6 48. Ra5 bxc3 49. Bxd5 Be7 50. bxc3 Kc7 51. Kb3 Kb6 52. Ra4 Rf1 53. Rh6+ Rf6 54. Rxf6+ Bxf6 55. Kc4 Rg5 56. Rb4+ Kc7 57. Rb7+ Kd6 58. Rb6+ Ke5 59. Re6+ Kf5 60. Re3 Rg7 61. Kb5 Kf4 62. Rd3 Ke5 63. c4 Rd7 64. Re3+ Kd4 65. Re4+ Kd3 66. Re6 Be7 67. Bc6 Rc7 68. Kb6 Bd8 69. Rd6+ Kxc4 70. Rxd8 Rg7 71. Bf3 Rg6+ 72. Kc7 Rg7+ 73. Kd6 Kd4 74. Ke6+ Ke3 75. Kf6 Rg3 76. Kf5 Rg7 77. Rd6 Kf2 78. Rf6 Rg8 79. Kf4 Rg3 80. Be4 Re3 81. g4 1-0

[Event "1000GM Spring GM-B 2024"]
[Site "New York"]
[Date "2024.03.30"]
[Round "6.2"]
[White "Kaliksteyn, Alexander"]
[Black "Luo, Terry"]
[Result "1/2-1/2"]
[ECO "E70"]
[WhiteElo "2356"]
[BlackElo "2333"]
[Annotator "RC"]
[PlyCount "29"]
[EventDate "2024.03.26"]
[EventType "tourn"]
[EventCountry "USA"]
[SourceTitle "playchess.com"]
[Source "ChessBase"]
[SourceQuality "1"]
[TimeControl "5400+30"]

1. c4 Nf6 2. Nc3 g6 3. e4 d6 4. d4 Bg7 5. Bd3 O-O 6. Nge2 Nc6 7. O-O e5 8. d5 Nd4 9. Nxd4 exd4 10. Nb5 Re8 11. Re1 Ng4 12. h3 a6 13. hxg4 axb5 14. cxb5 Qh4 15. g3 1/2-1/2

[Event "1000GM Spring GM-B 2024"]
[Site "New York"]
[Date "2024.03.30"]
[Round "6.3"]
[White "Griffith, Kyron"]
[Black "Paragua, Mark"]
[Result "1/2-1/2"]
[ECO "B23"]
[WhiteElo "2352"]
[BlackElo "2451"]
[Annotator "RC"]
[PlyCount "91"]
[EventDate "2024.03.26"]
[EventType "tourn"]
[EventCountry "USA"]
[SourceTitle "playchess.com"]
[Source "ChessBase"]
[SourceQuality "1"]
[TimeControl "5400+30"]

1. e4 c5 2. Nc3 d6 3. d4 cxd4 4. Qxd4 Nc6 5. Qd2 g6 6. b3 Bh6 7. f4 Nf6 8. Bb2 O-O 9. O-O-O e5 10. g3 Nd4 11. Nge2 Bg4 12. Bg2 Nxe2+ 13. Nxe2 exf4 14. gxf4 Bxe2 15. Qxe2 Bxf4+ 16. Kb1 Qe7 17. Qf2 Be5 18. Bxe5 dxe5 19. Rd3 Rfd8 20. Rhd1 Rxd3 21. Rxd3 Nh5 22. Qd2 Nf4 23. Rd7 Qc5 24. Bf1 b5 25. Qd6 Ne6 26. Qxc5 Nxc5 27. Rd5 Nxe4 28. Kb2 b4 29. Rxe5 Nc3 30. a3 a5 31. Re7 Nd1+ 32. Ka2 Rd8 33. Bd3 Nc3+ 34. Kb2 Nd1+ 35. Ka2 Nc3+ 36. Kb2 Nd5 37. Ra7 bxa3+ 38. Kxa3 Nb4 39. Bc4 Nxc2+ 40. Ka4 Rd2 41. Rxf7 Ne3 42. Ra7+ Kf8 43. Rf7+ Ke8 44. Rxh7 Ra2+ 45. Kb5 Nxc4 46. Kxc4 1/2-1/2

[Event "1000GM Spring GM-B 2024"]
[Site "New York"]
[Date "2024.03.30"]
[Round "6.4"]
[White "Nagy, Gabor"]
[Black "Furfine, Jacob"]
[Result "1/2-1/2"]
[ECO "D31"]
[WhiteElo "2436"]
[BlackElo "2343"]
[Annotator "TA"]
[PlyCount "68"]
[EventDate "2024.03.26"]
[EventType "tourn"]
[EventCountry "USA"]
[SourceTitle "playchess.com"]
[Source "ChessBase"]
[SourceQuality "1"]
[TimeControl "5400+30"]

1. d4 d5 2. c4 e6 3. Nc3 a6 4. cxd5 exd5 5. Nf3 c6 6. Bf4 Bd6 7. Ne5 Ne7 8. e3 Ng6 9. Qh5 (9. Nxg6 $11 {is superior.} hxg6 10. Bxd6 Qxd6 11. h3) 9... O-O ({Better is} 9... Nxe5 $15 10. dxe5 g6) 10. Bd3 $11 Nd7 11. Nxd7 $1 Qxd7 12. Bg3 Be7 13. Rc1 a5 14. O-O a4 15. a3 f5 16. Qd1 f4 17. exf4 Nxf4 18. Bxf4 Rxf4 {[%emt 0:00:13] The position is equal.} 19. Re1 Rh4 {[%emt 0:06:52] Prevents Qh5.} (19... Bd6 $5) 20. Qe2 Bd6 21. g3 $1 Qh3 22. f4 (22. gxh4 $2 {gets mated.} Qxh2+ 23. Kf1 Bh3#) (22. Qe8+ Bf8 23. gxh4 Qg4+ 24. Kf1 Qf3 $17) 22... Bg4 23. Qg2 Bxf4 (23... Qxg2+ {simplifies} 24. Kxg2 Bh3+ 25. Kg1 Rh6) 24. Rc2 {[%emt 0:02:10][%cal Oc3d5] [#] Hoping for Nxd5! Active counter play!} (24. gxh4 $2 {loses.} Be3+ 25. Rxe3 Qxe3+ 26. Qf2 Qxc1+ $19) 24... Rh6 {[%emt 0:12:34] Strongly threatening ...Bg5.} 25. Qxh3 (25. Nxd5 {keeps more tension.} cxd5 26. Qxd5+ Be6 27. Rxe6 Rxe6 28. Re2) 25... Rxh3 26. Bf1 Bg5 {[%emt 0:00:23] A strong pair of Bishops.} 27. Bxh3 Bxh3 28. Rf2 b5 29. Na2 Bf6 30. Rxf6 gxf6 31. Nb4 Rc8 32. Re7 Bf5 33. Kf2 Be4 34. Na6 Kf8 {[%emt 0:00:38] Weighted Error Value: White=0.07 (flawless) /Black=0.08 (flawless) .  Mistake:       	White=1     	Black=1      Inaccurate:     	White=1     	---        OK:         	White=11    	Black=11     Best:        	White=3     	Black=1      Strong:       	White=2     	---} 1/2-1/2

[Event "1000GM Spring GM-B 2024"]
[Site "New York"]
[Date "2024.03.30"]
[Round "6.5"]
[White "Girish, A. Koushik"]
[Black "Mandizha, Farai"]
[Result "1-0"]
[ECO "A13"]
[WhiteElo "2499"]
[BlackElo "2380"]
[Annotator "TA"]
[PlyCount "85"]
[EventDate "2024.03.26"]
[EventType "tourn"]
[EventCountry "USA"]
[SourceTitle "playchess.com"]
[Source "ChessBase"]
[SourceQuality "1"]
[TimeControl "5400+30"]

1. Nf3 Nf6 2. c4 e6 3. b3 d5 4. Bb2 dxc4 5. bxc4 b6 6. g3 Bb7 7. Bg2 Be7 8. O-O {[%emt 0:00:26] The position is equal.} O-O 9. Qc2 Nbd7 10. d3 Re8 11. Nbd2 Bf8 12. Rfe1 Qb8 13. Bc3 (13. e4 $14) 13... a5 14. e4 e5 15. Nf1 Bb4 16. Ne3 Qd8 17. Re2 Bxc3 18. Qxc3 c6 (18... Qe7 $11 {remains equal.}) 19. Nf5 $16 {[%emt 0:07:38] White is more active.} Qc7 {[%emt 0:05:47] Prevents Nd6.} 20. Qd2 g6 21. Nh6+ Kg7 {[%emt 0:01:32] [#]} 22. Ng5 $1 Re7 23. Nhxf7 Nc5 $2 {[%emt 0:00:19] White leaves nothing to chance now.} (23... Rae8 $16) 24. f4 $2 (24. d4 $18 {is the precise move to win.} h6 25. dxc5 hxg5 26. cxb6 (26. Nxg5 Rd8 $18) 26... Qxb6 27. Nxg5) 24... exf4 $2 {[%emt 0:05:11] [#]} (24... Rxf7 $16 {was called for.} 25. Nxf7 Qxf7) 25. e5 $1 $18 Ng8 26. d4 (26. gxf4 Rxf7 27. d4 Rd8 $18) ({Weaker is} 26. Qxf4 h6 $18 (26... Rxf7 $2 {loses.} 27. Qxf7+ Qxf7 28. Nxf7 $18)) 26... f3 27. Bxf3 {[%emt 0:02:39] White is clearly winning.} Ne6 28. Nd6 Rf8 29. Rf1 (29. Nxe6+ Rxe6 30. Rf1 Ba6) 29... Ba6 30. Ref2 Nxg5 31. Qxg5 h6 {[%emt 0:00:08] Black is weak on the light squares} 32. Qh4 Rd8 33. Be2 g5 34. Qh5 {[%emt 0:01:27] White threatens Rf7+ and mate.} Rxd6 35. exd6 Qxd6 {[%emt 0:00:06] [#]} 36. c5 $1 Qxd4 37. Bxa6 b5 38. Qf3 Qxc5 39. Bc8 Kh8 40. Qf8 Qe3 {[%emt 0:00:20] Dodges Be6} 41. Bg4 Qd4 42. Bh5 {[%emt 0:00:31] Bf7 is the strong threat.} c5 43. Bf7 {[%emt 0:00:31] Weighted Error Value: White=0.13 (very precise) /Black=0.51.  Loses game:     	---       	Black=2      Missed win:     	White=1     	---        Mistake:       	White=1     	Black=1      Inaccurate:     	---       	Black=6      OK:         	White=13    	Black=12     Best:        	---       	Black=1      Strong:       	White=1     	---} 1-0

[Event "1000GM Spring GM-B 2024"]
[Site "New York"]
[Date "2024.03.31"]
[Round "7.1"]
[White "Mandizha, Farai"]
[Black "Eidelman, Gabriel"]
[Result "1/2-1/2"]
[ECO "D37"]
[WhiteElo "2380"]
[BlackElo "2374"]
[Annotator "RC"]
[PlyCount "108"]
[EventDate "2024.03.26"]
[EventType "tourn"]
[EventCountry "USA"]
[SourceTitle "playchess.com"]
[Source "ChessBase"]
[SourceQuality "1"]
[TimeControl "5400+30"]

1. d4 d5 2. c4 e6 3. Nc3 Nf6 4. Nf3 a6 5. c5 b6 6. cxb6 c5 7. Qb3 Bd7 8. dxc5 Bxc5 9. Na4 Bxa4 10. Qxa4+ Qd7 11. Qxd7+ Nbxd7 12. b7 Ra7 13. e3 O-O 14. Nd4 a5 15. Be2 Rxb7 16. O-O a4 17. Rd1 Ra8 18. f3 Rb6 19. Nb5 Ra5 20. Na3 Kf8 21. Kf1 Ra8 22. Nb5 Ne8 23. e4 Ndf6 24. e5 Nd7 25. f4 f6 26. exf6 Ndxf6 27. g3 Ke7 28. Bd2 Ne4 29. Be1 N8d6 30. Nxd6 Bxd6 31. b3 axb3 32. axb3 Rxa1 33. Rxa1 Rxb3 34. Ra7+ Kf6 35. Ba5 Bc5 36. Bd8+ Kg6 37. Rd7 h5 38. Ba5 h4 39. gxh4 Ra3 40. h5+ Kh7 41. Bd8 Ra1+ 42. Kg2 Rg1+ 43. Kh3 Be3 44. Bg5 Nxg5+ 45. fxg5 Bxg5 46. Rd6 e5 47. Rxd5 Bf6 48. Rd3 Re1 49. Re3 Kh6 50. Kg2 Kg5 51. Kf2 Ra1 52. Rg3+ Kf5 53. Rf3+ Ke4 54. Re3+ Kf4 1/2-1/2

[Event "1000GM Spring GM-B 2024"]
[Site "New York"]
[Date "2024.03.31"]
[Round "7.2"]
[White "Furfine, Jacob"]
[Black "Girish, A. Koushik"]
[Result "0-1"]
[ECO "D85"]
[WhiteElo "2343"]
[BlackElo "2499"]
[Annotator "RC"]
[PlyCount "96"]
[EventDate "2024.03.26"]
[EventType "tourn"]
[EventCountry "USA"]
[SourceTitle "playchess.com"]
[Source "ChessBase"]
[SourceQuality "1"]
[TimeControl "5400+30"]

1. d4 Nf6 2. Nf3 g6 3. c4 Bg7 4. Nc3 d5 5. cxd5 Nxd5 6. e4 Nxc3 7. bxc3 c5 8. Rb1 O-O 9. Be2 b6 10. h4 Bg4 11. Ng1 Bxe2 12. Nxe2 Qc8 13. f3 cxd4 14. cxd4 Nc6 15. Be3 Qa6 16. O-O Qxa2 17. d5 Ne5 18. Rf2 Nc4 19. Bd4 Qd2 20. Bxg7 Qxd1+ 21. Rxd1 Kxg7 22. Nd4 Rfc8 23. Rc1 Ne5 24. Rfc2 Rxc2 25. Rxc2 a5 26. Rc7 Kf8 27. Kf2 a4 28. Ke3 a3 29. Nc2 a2 30. Kd4 f6 31. Na1 Ra3 32. Rc3 Rxc3 33. Kxc3 h5 34. Kb2 Nd3+ 35. Kxa2 Ne1 36. g3 Nxf3 37. Nb3 g5 38. Kb2 gxh4 39. gxh4 Nxh4 40. Kc3 Nf3 41. Kd3 b5 42. Ke3 Ne5 43. Nd4 b4 44. Nf5 Nc4+ 45. Kd3 Nd6 46. Nd4 h4 47. Ke3 h3 48. Kf3 Nxe4 0-1

[Event "1000GM Spring GM-B 2024"]
[Site "New York"]
[Date "2024.03.30"]
[Round "7.3"]
[White "Paragua, Mark"]
[Black "Nagy, Gabor"]
[Result "1/2-1/2"]
[ECO "E11"]
[WhiteElo "2451"]
[BlackElo "2436"]
[Annotator "TA"]
[PlyCount "25"]
[EventDate "2024.03.26"]
[EventType "tourn"]
[EventCountry "USA"]
[SourceTitle "playchess.com"]
[Source "ChessBase"]
[SourceQuality "1"]
[TimeControl "5400+30"]

1. d4 d5 2. c4 e6 3. Nf3 Nf6 4. g3 Bb4+ 5. Bd2 Be7 6. Bg2 O-O 7. O-O Nbd7 8. Qc2 c6 9. Bf4 Nh5 10. Bc1 Nhf6 11. Bf4 {[%emt 0:00:06] The position is equal.} Nh5 12. Bc1 Nhf6 13. Bf4 {[%emt 0:00:04] An uneventful encounter.   Weighted Error Value: White=0.09 (flawless) /Black=0.00 (flawless) .  OK:         	---       	Black=1} 1/2-1/2

[Event "1000GM Spring GM-B 2024"]
[Site "New York"]
[Date "2024.03.31"]
[Round "7.4"]
[White "Luo, Terry"]
[Black "Griffith, Kyron"]
[Result "1/2-1/2"]
[ECO "E11"]
[WhiteElo "2333"]
[BlackElo "2352"]
[Annotator "RC"]
[PlyCount "96"]
[EventDate "2024.03.26"]
[EventType "tourn"]
[EventCountry "USA"]
[SourceTitle "playchess.com"]
[Source "ChessBase"]
[SourceQuality "1"]
[TimeControl "5400+30"]

1. d4 Nf6 2. c4 e6 3. Nf3 d5 4. g3 Bb4+ 5. Bd2 Be7 6. Bg2 c6 7. Qc2 Nbd7 8. O-O O-O 9. Rd1 b6 10. b3 Bb7 11. Nc3 Rc8 12. e4 h6 13. Bf4 c5 14. exd5 exd5 15. Qb2 dxc4 16. d5 g5 17. Bc1 Bd6 18. bxc4 Re8 19. h4 g4 20. Nh2 h5 21. Bg5 Be5 22. Re1 b5 23. cxb5 Bd4 24. Qc2 Qa5 25. Bd2 Qa3 26. Rad1 Ne5 27. Ne2 Nd3 28. Nxd4 Nxe1 29. Qf5 Nh7 30. Be4 Rxe4 31. Qxe4 cxd4 32. Rxe1 Qxa2 33. Qxd4 Qxd5 34. Qxd5 Bxd5 35. Be3 Rb8 36. Rb1 Bc4 37. Bxa7 Rxb5 38. Rxb5 Bxb5 39. f3 f5 40. Kf2 Kf7 41. Ke3 Kg6 42. fxg4 hxg4 43. Kf4 Nf6 44. Bf2 Nh5+ 45. Ke5 Be2 46. Be1 Nf6 47. Kd4 Ba6 48. Ke5 Be2 1/2-1/2

[Event "1000GM Spring GM-B 2024"]
[Site "New York"]
[Date "2024.03.31"]
[Round "7.5"]
[White "Sinha, Sahil"]
[Black "Kaliksteyn, Alexander"]
[Result "1/2-1/2"]
[ECO "D45"]
[WhiteElo "2299"]
[BlackElo "2356"]
[Annotator "RC"]
[PlyCount "30"]
[EventDate "2024.03.26"]
[EventType "tourn"]
[EventCountry "USA"]
[SourceTitle "playchess.com"]
[Source "ChessBase"]
[SourceQuality "1"]
[TimeControl "5400+30"]

1. d4 d5 2. c4 e6 3. Nc3 c6 4. e3 Nf6 5. Nf3 Nbd7 6. Qc2 Bd6 7. b3 O-O 8. Be2 b6 9. Bb2 Bb7 10. O-O Rc8 11. Rad1 c5 12. dxc5 Nxc5 13. cxd5 Nce4 14. Qd3 Nxc3 15. Bxc3 Nxd5 1/2-1/2

[Event "1000GM Spring GM-B 2024"]
[Site "New York"]
[Date "2024.03.31"]
[Round "8.1"]
[White "Eidelman, Gabriel"]
[Black "Kaliksteyn, Alexander"]
[Result "1-0"]
[ECO "B93"]
[WhiteElo "2374"]
[BlackElo "2356"]
[Annotator "RC"]
[PlyCount "47"]
[EventDate "2024.03.26"]
[EventType "tourn"]
[EventCountry "USA"]
[SourceTitle "playchess.com"]
[Source "ChessBase"]
[SourceQuality "1"]
[TimeControl "5400+30"]

1. e4 c5 2. Nf3 d6 3. d4 cxd4 4. Nxd4 Nf6 5. Nc3 a6 6. f4 g6 7. Be2 Bg7 8. Be3 O-O 9. Bf3 e5 10. Nb3 Nc6 11. O-O exf4 12. Bxf4 Ne5 13. Bg5 Be6 14. Be2 Rc8 15. Kh1 h6 16. Bh4 Re8 17. Nd4 Nc4 18. Nxe6 Rxe6 19. Bxc4 Rxc4 20. Qd3 Qc8 21. Bxf6 Rxf6 22. Nd5 Rxf1+ 23. Rxf1 Qc5 24. Qf3 1-0